 Dungeon Crawl Stone Soup version 0.30-a0-122-g2a1322497e (webtiles) character file.

Game seed: 5887832780880921092

2942 SunsangGolaxy the Covert (level 9, 0/44 HPs)
             Began as a Vine Stalker Enchanter on Sept 16, 2022.
             Slain by a bullfrog (5 damage)
             ... on level 8 of the Dungeon.
             The game lasted 00:17:59 (7840 turns).

SunsangGolaxy the Covert (Vine Stalker Enchanter)   Turns: 7840, Time: 00:17:59

Health: 0/44       AC:  7    Str: 11    XL:     9   Next: 80%
Magic:  0/18       EV: 14    Int: 15    God:
Gold:   586        SH:  5    Dex: 19    Spells: 5/19 levels left

rFire   . . .      SeeInvis .    H - +2 short sword (elec)
rCold   + . .      Faith    .    (no shield)
rNeg    . . .      Spirit   +    M - +0 troll leather armour
rPois   .          Reflect  +    (no helmet)
rElec   .          Harm     .    (no cloak)
rCorr   .          Rampage  .    K - +2 pair of gloves
Will    +....                    (no boots)
Stlth   ++++......               L - amulet of reflection
HPRegen 1.74/turn                q - ring of protection from cold
MPRegen 0.16/turn                (no ring)

@: very slightly contaminated
A: fangs 3, regeneration 1, magic shield, antimagic bite, no potion heal 2
a: no special abilities


You were on level 8 of the Dungeon.
You visited 1 branch of the dungeon, and saw 8 of its levels.

You collected 586 gold pieces.

Inventory:

Hand Weapons
 a - a +1 dagger
 H - a +2 short sword of electrocution (weapon)
Missiles
 c - a throwing net
 g - 10 javelins (quivered)
 r - 3 boomerangs
 y - 3 boomerangs of dispersal
Armour
 K - a +2 pair of gloves (worn)
 M - a +0 troll leather armour (worn)
Jewellery
 e - an amulet of the acrobat
 q - a ring of protection from cold (left hand)
 L - an amulet of reflection (around neck)
Wands
 x - a wand of roots (30)
 J - a wand of flame (19)
Scrolls
 b - a scroll of acquirement {unknown}
 f - a scroll of poison
 j - 2 scrolls of noise {unknown}
 l - 4 scrolls of vulnerability
 p - 5 scrolls of teleportation
 s - 3 scrolls of fear {unknown}
 v - 7 scrolls of identify {unknown}
 w - a scroll of immolation {unknown}
 C - a scroll of blinking {unknown}
 E - a scroll of brand weapon {unknown}
 F - a scroll of fog
 G - a scroll of magic mapping {unknown}
Potions
 d - a potion of resistance {unknown}
 h - 7 potions of curing
 i - 2 potions of degeneration {unknown}
 k - 4 potions of heal wounds {unknown}
 m - 3 potions of cancellation {unknown}
 n - 3 potions of flight {unknown}
 o - a potion of lignification {unknown}
 t - a potion of haste {unknown}
 u - 2 potions of attraction {unknown}
 z - a potion of might {unknown}
 A - 3 potions of brilliance {unknown}
 B - a potion of ambrosia {unknown}
 D - a potion of mutation {unknown}


   Skills:
 + Level 3.4 Fighting
 + Level 5.0 Short Blades
 + Level 0.1 Armour
 + Level 4.3 Dodging
 + Level 8.5 Stealth
 + Level 0.1 Shields
 + Level 5.9 Spellcasting
 + Level 0.7 Conjurations
 + Level 6.1 Hexes
 + Level 2.3 Ice Magic


You had 5 spell levels left.
You knew the following spells:

 Your Spells              Type           Power      Damage    Failure   Level
a - Ensorcelled Hibernat  Hex/Ice        34%        N/A       4%          2
b - Confusing Touch       Hex            22%        N/A       4%          3
c - Tukima's Dance        Hex            22%        N/A       4%          3
d - Dazzling Flash        Conj/Hex       28%        N/A       14%         3
e - Ozocubu's Armour      Ice            11%        N/A       22%         3

Your spell library contained the following spells:

 Spells                   Type           Power      Damage    Failure   Level
 Portal Projectile        Hex/Tloc       26%        N/A       17%         3
 Static Discharge         Conj/Air       10%        3-4/arc   26%         2
 Passwall                 Tmut/Erth      3%         N/A       30%         2
 Leda's Liquefaction      Hex/Erth       6%         N/A       50%         4
 Call Canine Familiar     Summ           4%         N/A       52%         3
 Swiftness                Air            4%         N/A       52%         3
 Metabolic Englaciation   Hex/Ice        8%         N/A       67%         5
 Sticky Flame             Conj/Fire      5%         2d3       86%         4
 Dispel Undead            Necr           4%         3d7       89%         4
 Summon Lightning Spire   Summ/Air       4%         N/A       89%         4
 Simulacrum               Ice/Necr       4%         N/A       100%        6
 Storm Form               Tmut/Air       2%         N/A       100%        7
 Maxwell's Capacitive Co  Air            2%         ∞         100%        8


Dungeon Overview and Level Annotations

Branches:
Dungeon (8/15)
 Temple: D:4-7         Lair: D:8-11

Altars:
Gozag
Hepliaklqana
Makhleb
Qazlal
Yredelemnul


Innate Abilities, Weirdness & Mutations

You have razor-sharp teeth.
Your natural rate of healing is unusually fast.
When hurt, damage is shared between your health and your magic reserves.
Your bite disrupts and absorbs the magic of your enemies.
Potions cannot restore your health.


Message History

The white imp is heavily wounded.
The white imp gestures at you. The puff of frost misses you.
The puff of frost hits the hornet!
You hit the white imp.
You kill the white imp!
A bullfrog comes into view.
Casting: Ozocubu's Armour (quite dangerous; 22% risk of failure)
Confirm with . or Enter, or press ? or * to list all spells.
You miscast Confusing Touch.
You are very lightly contaminated with residual magic.
Nothing appears to happen.
The hornet stings you!
You suddenly lose the ability to move!
The hornet stings you!
You feel yourself slow down. The hornet stings you!
You are poisoned.
You shrug off the repeated paralysis!
You feel yourself speed up.
You feel sick.
The bullfrog hits you but does no damage.
The hornet stings you!
* * * LOW HITPOINT WARNING * * *
You are more poisoned.
You feel yourself slow down. The bullfrog hits you.
* * * LOW HITPOINT WARNING * * *
You can move again.
Okay, then.
You feel very sick. You block the hornet's attack. x2
The bullfrog hits you but does no damage.
The hornet attacks as you move away! The hornet barely misses you.
You feel yourself speed up.
You feel very sick.
The bullfrog hits you but does no damage.
The hornet stings you but does no damage.
The bullfrog hits you.
* * * LOW HITPOINT WARNING * * *
The hornet completely misses you.
Sorry, you're not good enough to have a special ability.
It was a potion of curing.
Your system rejects the healing.
You feel better. The bullfrog hits you.
You die...

.......#......# #
.......#......#.#
.......#.♣..P.#.#.#
......§#.#......(..
.....§P..#....#.#..
....§P§≈.'....#.#
......≈§.#....# #
.......Fy#....#
########@#....#
........#....#
####.####....#
...........#
.............###########
## ########†#...........
######'#.##########
#........# ....
#........##### ####


You could see a hornet and a bullfrog.

Vanquished Creatures
  A troll (D:7)
  Sigmund (D:4)
  A water moccasin (D:7)
  An orc warrior (D:8)
  2 ice beasts
  A black bear (D:4)
  An ogre (D:4)
  A sky beast (D:8)
  A centaur (D:5)
  A kobold brigand (D:6)
  4 bullfrogs
  2 necrophages
  2 scorpions (D:5)
  A wight (D:7)
  5 killer bees (D:7)
  A quasit (D:8)
  A gnoll bouda (D:7)
  4 hounds
  3 jellies
  2 orc priests
  Natasha (twice) (D:4)
  4 iguanas
  3 orc wizards
  Ijyb (D:4)
  11 gnolls
  8 adders
  A shadow imp (D:6)
  8 white imps
  5 ufetubi
  2 worms
  4 dart slugs
  23 orcs
  7 ball pythons
  6 bats
  2 endoplasms
  2 giant cockroaches
  8 goblins
  6 hobgoblins
  5 jackals
  6 quokkas
  5 frilled lizards
  11 kobolds
  6 rats
172 creatures vanquished.

Vanquished Creatures (collateral kills)
  2 gnolls
2 creatures vanquished.

Vanquished Creatures (others)
  3 dancing weapons
  3 demonic plants (D:8)
6 creatures vanquished.

Grand Total: 180 creatures vanquished

Notes
Turn   | Place    | Note
-------+----------+-------------------------------------------
     0 | D:1      | SunsangGolaxy the Vine Stalker Enchanter began the quest
                  | for the Orb.
     0 | D:1      | Reached XP level 1. HP: 9/9 MP: 4/4
   418 | D:1      | Reached skill level 1 in Short Blades
   418 | D:1      | Reached XP level 2. HP: 7/13 MP: 1/6
   816 | D:1      | Learned a level 2 spell: Ensorcelled Hibernation
   896 | D:1      | Reached skill level 4 in Stealth
  1184 | D:1      | Reached XP level 3. HP: 16/16 MP: 8/8
  1247 | D:1      | Found a faded altar of an unknown god.
  1766 | D:2      | Learned a level 3 spell: Confusing Touch
  2350 | D:2      | Gained mutation: Your natural rate of healing is unusually
                  | fast. [Vine Stalker growth]
  2350 | D:2      | Reached XP level 4. HP: 19/21 MP: 5/9
  2354 | D:2      | Learned a level 3 spell: Tukima's Dance
  2979 | D:3      | Reached XP level 5. HP: 19/24 MP: 10/10
  3080 | D:3      | Reached skill level 1 in Fighting
  3681 | D:3      | Found a basalt altar of Yredelemnul.
  3681 | D:3      | Found a stormy altar of Qazlal.
  3868 | D:4      | Noticed Sigmund
  3888 | D:4      | Killed Sigmund
  3889 | D:4      | Reached skill level 5 in Stealth
  3889 | D:4      | Reached XP level 6. HP: 30/30 MP: 7/12
  4083 | D:4      | Reached skill level 1 in Ice Magic
  4083 | D:4      | Reached XP level 7. HP: 34/35 MP: 13/13
  4648 | D:4      | Noticed Natasha
  4661 | D:4      | Killed Natasha
  4713 | D:4      | Noticed Ijyb
  4725 | D:4      | Killed Ijyb
  4758 | D:4      | Noticed Natasha
  4767 | D:4      | Killed Natasha
  4976 | D:5      | Entered Level 5 of the Dungeon
  4978 | D:5      | Reached skill level 6 in Stealth
  4978 | D:5      | Gained mutation: You have razor-sharp teeth. [Vine Stalker
                  | growth]
  4978 | D:5      | Reached XP level 8. HP: 39/39 MP: 15/15
  5080 | D:5      | Learned a level 3 spell: Dazzling Flash
  5118 | D:5      | Noticed a yak
  5118 | D:5      | Noticed a yak
  5118 | D:5      | Noticed a yak
  5118 | D:5      | Noticed a yak
  5714 | D:6      | Learned a level 3 spell: Ozocubu's Armour
  5788 | D:6      | Reached skill level 5 in Spellcasting
  5999 | D:6      | Reached skill level 5 in Hexes
  6294 | D:6      | Found an opulent altar of Gozag.
  6847 | D:7      | Reached XP level 9. HP: 43/43 MP: 17/17
  6856 | D:7      | Found a hazy altar of Hepliaklqana.
  6942 | D:7      | Reached skill level 7 in Stealth
  7048 | D:7      | Found a burning altar of Makhleb.
  7324 | D:7      | Noticed a troll
  7364 | D:7      | Killed a troll
  7365 | D:7      | Reached skill level 8 in Stealth
  7565 | D:8      | Reached skill level 5 in Short Blades
  7756 | D:8      | Noticed a hornet
  7835 | D:8      | Paralysed by a hornet for 3 turns
  7840 | D:8      | Slain by a bullfrog

Illustrated notes

Levels and vault maps discovered:
D:1:      nicolae_arrival_somewhat_less_tricky_arrival, layout_loops_corners,
          hellmonk_ecumenical_altar_leap_of_faith
D:2:      layout_loops_corners
D:3:      layout_loops_ring, gammafunk_temple_overflow_wave, minmay_pentangle
D:4:      layout_gridville, minmay_diced_spiral, uniq_natasha, uniq_ijyb,
          uniq_sigmund
D:5:      layout_cave_pools, minmay_temple_entry_fiery, minmay_between
D:6:      layout_basic, grunt_gozag_breadcrumbs
D:7:      minmay_chambers_of_fours, layout_rooms, kennysheep_mini,
          mainiacjoe_overflow_six_doors_small
D:8:      layout_basic, david_lair_shrubbed, serial_demonic, serial_demonic_b,
          serial_demonic_f, serial_demonic_g, serial_demonic_a, st_stairs_6

Skill      XL: |  1  2  3  4  5  6  7  8  9 |
---------------+----------------------------+-----
Short Blades   | 1 2 3 4 5 |  5.0
Stealth        | 4 5 6 8 |  8.5
Spellcasting   | 3 4 5 |  5.9
Dodging        | 2 3 4 |  4.3
Fighting       | 1 2 3 |  3.4
Hexes          | 4 5 6 |  6.1
Ice Magic      | 1 2 |  2.3
Armour         | |  0.1
Shields        | |  0.1
Conjurations   | |  0.7

Action                   |  1- 3 |  4- 6 |  7- 9 || total
-------------------------+-------+-------+-------++-------
Melee: Dagger            |    77 |   133 |   237 ||   447
       Bite              |    13 |    34 |   124 ||   171
       Punch             |     1 |       |     6 ||     7
       Short sword       |       |       |   161 ||   161
 Cast: Ensorcelled Hiber |    11 |     6 |    12 ||    29
       Tukima's Dance    |       |     8 |     5 ||    13
       Confusing Touch   |       |     2 |    26 ||    28
       Ozocubu's Armour  |       |       |     3 ||     3
  Use: Scroll            |     1 |       |     4 ||     5
       Potion            |       |       |     3 ||     3
 Stab: Sleeping          |    22 |     6 |    15 ||    43
       Confused          |       |     2 |    15 ||    17
       Invisible         |       |       |     7 ||     7
       Distracted        |       |       |     1 ||     1
Armor: Robe              |    13 |     8 |    54 ||    75
       Troll leather arm |       |       |    25 ||    25
Dodge: Dodged            |    32 |    74 |   407 ||   513
Block: Other             |       |       |    12 ||    12
       Reflection        |       |       |     1 ||     1

Table legend: (Time is in decaauts)
 A = Elapsed time spent in this place.
 B = Non-inter-level travel time spent in this place.
 C = Inter-level travel time spent in this place.
 D = Time resting spent in this place.
 E = Time spent auto-exploring this place.
 F = Levels seen in this place.
 G = Mean time per level.
                   A        B        C        D        E       F      G
               +--------+--------+--------+--------+--------+-----+--------+
         Total |   7762 |   7373 |    389 |    394 |   5177 |   8 |  970.2 |
       Dungeon |   7762 |   7373 |    389 |    394 |   5177 |   8 |  970.2 |
               +--------+--------+--------+--------+--------+-----+--------+

Top non-repeatable levels by time:
     D:1: 1654 daAuts
     D:4: 1293 daAuts
     D:2: 1084 daAuts
     D:6: 1061 daAuts
     D:3: 970 daAuts
     D:7: 774 daAuts
     D:5: 582 daAuts
     D:8: 342 daAuts
